Map: Daybreak LE (Void)

Players

ByuN - Winner!

  • Race: Terran Terran
  • Spawn Location: 7:00

iAsonu

  • Race: Zerg Zerg
  • Spawn Location: 1:00

Event: IEM Season 11 - Gyeonggi

VOD

https://www.youtube.com/watch?v=EFurw1OszX4

Description

Time

  • Played on: Dec. 14, 2016, 1:38 a.m.
  • Length: 7:37

All games in this series

Show
View Real Time Build Order
Export as new Build Order

ByuN Terran - Winner!

Build Orders: Reaper Expand, MMM Bio 

Get SALT Encoding   

  12  0:00  SCV  
  13  0:12  SCV  
  14  0:17  Supply Depot  
  14  0:24  SCV  
  15  0:39  SCV  
  15  0:40  Barracks  
  16  0:44  Refinery  
  16  0:51  SCV  
  17  1:03  SCV  
  18  1:15  SCV  
  19  1:26  Reaper  
  19  1:27  Orbital Command  
  20  1:41  Command Center  
  20  1:51  Barracks  
  20  1:55  SCV  
  20  2:00  Barracks Reactor  
  21  2:05  Supply Depot  
  21  2:08  SCV  
  21  2:14  Refinery  
  22  2:23  Factory  
  22  2:24  SCV  
  23  2:37  Marine x2, SCV  
  24  2:38  Barracks Tech Lab  
  26  2:49  SCV  
  27  2:54  Orbital Command  
  27  2:57  Stimpack  
  27  2:59  Marine  
  27  3:00  Marine  
  27  3:04  Marine  
  30  3:08  SCV  
  31  3:16  Starport  
  31  3:19  Marine x2  
  33  3:22  Factory Reactor  
  33  3:24  Marine  
  34  3:30  SCV x2  
  36  3:37  Marine x2  
  36  3:40  Supply Depot  
  38  3:42  Marine  
  38  3:43  SCV  
  38  3:44  SCV  
  41  3:57  Marine x2, Supply Depot  
  41  3:59  Marine  
  41  4:02  Medivac x2  
  48  4:05  SCV  
  48  4:06  SCV  
  50  4:11  Supply Depot  
  50  4:16  Marine x2  
  52  4:17  Marine  
  52  4:18  SCV  
  52  4:19  SCV  
  55  4:24  Engineering Bay  
  55  4:30  SCV  
  55  4:31  SCV  
  57  4:35  Marine, Supply Depot  
  57  4:36  Marine  
  57  4:37  Medivac  
  61  4:39  Marine  
  61  4:43  SCV x2  
  64  4:51  Supply Depot  
  64  4:53  Terran Infantry Weapons Level 1  
  64  4:55  Marine x2  
  64  4:57  Marine  
  64  4:58  Combat Shields  
  64  4:59  SCV x2  
  68  5:13  Marine x2  
  67  5:15  Marine  
  64  5:30  SCV x2  
  64  5:31  Marine x2  
  64  5:32  Command Center  
  64  5:33  Marine  
  68  5:40  Factory Reactor  
  67  5:48  Marine  
  67  5:49  Marine, SCV  
  70  5:50  Barracks, SCV  
  70  5:51  Marine, Barracks  
  70  5:53  Barracks  
  70  5:54  Medivac  
  70  5:55  Medivac  
  76  6:03  SCV x2  
  78  6:04  Refinery x2  
  78  6:06  Marine  
  78  6:11  Marine x2  
  78  6:15  SCV x2  
  76  6:20  Liberator  
  76  6:24  Marine  
  77  6:27  SCV  
  77  6:28  Marine, SCV  
  77  6:29  Marine, Armory, Engineering Bay  
  79  6:39  SCV  
  83  6:40  Barracks Reactor  
  83  6:42  SCV  
  83  6:44  Barracks Reactor, Factory Reactor  
  83  6:45  Orbital Command  
  85  6:51  Marine x5  
  89  6:56  Medivac  
  91  7:03  SCV  
  92  7:09  Marine x5  
  92  7:13  SCV  
  92  7:15  SCV  
  99  7:22  Barracks  
  99  7:24  Barracks  
  99  7:25  Barracks  
Show
View Real Time Build Order
Export as new Build Order

iAsonu Zerg 

Build Orders: Pool First 

Get SALT Encoding   

  12  0:00  Drone  
  13  0:12  Overlord  
  13  0:17  Drone  
  14  0:31  Drone x2  
  14  0:35  Drone  
  17  0:45  Spawning Pool  
  17  0:48  Drone  
  17  1:09  Hatchery  
  16  1:11  Drone  
  16  1:15  Drone  
  18  1:18  Drone  
  19  1:26  Extractor  
  19  1:29  Drone  
  19  1:32  Queen  
  21  1:40  Overlord  
  21  1:52  Zergling x2  
  22  2:05  Drone  
  22  2:08  Queen  
  25  2:16  Hatchery  
  25  2:19  Drone  
  25  2:23  Drone  
  25  2:25  Drone  
  27  2:32  Drone  
  28  2:37  Queen  
  28  2:42  Drone  
  28  2:43  Drone  
  32  2:47  Drone  
  32  2:48  Drone  
  34  2:51  Drone  
  34  2:56  Overlord  
  35  2:59  Drone  
  36  3:10  Evolution Chamber  
  36  3:12  Metabolic Boost  
  35  3:13  Drone  
  35  3:17  Drone x3  
  35  3:19  Drone  
  40  3:20  Drone  
  40  3:24  Drone  
  40  3:25  Drone  
  43  3:28  Drone  
  43  3:30  Drone  
  45  3:34  Drone  
  45  3:37  Zerg Ground Armor Level 1  
  45  3:40  Overlord  
  46  3:42  Drone  
  46  3:45  Drone x2  
  46  3:48  Drone  
  50  3:51  Overlord  
  50  3:59  Drone  
  50  4:00  Drone x5  
  56  4:04  Queen  
  56  4:09  Overlord  
  58  4:11  Zergling x4  
  58  4:16  Queen  
  62  4:18  Queen  
  62  4:22  Overlord  
  64  4:31  Evolution Chamber  
  64  4:32  Extractor  
  64  4:33  Drone x3  
  64  4:34  Drone x2  
  64  4:37  Zergling x6  
  64  4:38  Zergling x6  
  73  4:42  Overlord  
  73  4:45  Zergling x4  
  75  4:51  Zergling x12  
  81  4:58  Zerg Melee Weapons Level 1  
  81  4:59  Queen  
  80  5:00  Overlord  
  79  5:12  Zergling x16  
  71  5:17  Zergling x2  
  64  5:22  Zergling x10  
  64  5:27  Queen  
  64  5:28  Queen  
  71  5:35  Queen  
  72  5:41  Drone x5  
  72  5:42  Drone x2  
  80  5:45  Spore Crawler  
  80  5:48  Extractor  
  78  5:50  Drone x4  
  78  5:51  Drone  
  78  5:54  Drone  
  78  6:13  Zergling x12  
  78  6:16  Zergling x6  
  79  6:22  Queen  
  79  6:23  Lair  
  80  6:36  Hatchery  
  76  6:41  Drone x3, Baneling Nest  
  76  6:42  Drone  
  79  6:49  Zergling x2  
  79  6:50  Zergling x2  
  79  6:52  Zergling x2  
  79  6:53  Hatchery, Zergling x8  
  85  6:59  Queen  
  87  7:04  Overlord  
  87  7:07  Zergling x4  
  89  7:11  Drone  
  89  7:13  Overlord  
  91  7:16  Hatchery  

Tags
 
Add a new tag
Caveats
  • Supply blocks, unpowered buildings, or Contaminate may cause inaccurate times.
  • Supply counts are checked every 10 seconds.